 Dungeon Crawl Stone Soup version 0.23-a0-612-gcb482e9 (webtiles) character file.

38 Lavandula the Cutter (level 3, 3/21 HPs)
             Began as a Halfling Enchanter on Dec 21, 2018.
             Quit the game on level 3 of the Dungeon.
             The game lasted 00:04:37 (797 turns).

Lavandula the Cutter (Halfling Enchanter)            Turns: 797, Time: 00:04:38

Health: 3/21       AC:  2    Str:  9    XL:     3   Next: 65%
Magic:  0/5        EV: 15    Int: 14    God:
Gold:   72         SH:  0    Dex: 14    Spells: 2/5 levels left

rFire    . . .     SeeInvis .   a - +1 dagger
rCold    . . .     Gourm    .   (shield restricted)
rNeg     . . .     Faith    .   b - +0 robe
rPois    .         Spirit   .   (no helmet)
rElec    .         Reflect  .   (no cloak)
rCorr    .         Harm     .   (no gloves)
MR       .....                  (no boots)
Stlth    ++........             (no amulet)
HPRegen  0.07/turn              (no ring)
MPRegen  0.09/turn              (no ring)

@: lethally poisoned (3 -> -2), very slightly contaminated
A: small, mutation resistance 1
a: no special abilities


You were on level 3 of the Dungeon.
You were hungry.

You visited 1 branch of the dungeon, and saw 3 of its levels.

You collected 72 gold pieces.

Inventory:

Hand Weapons
 a - a +1 dagger (weapon)
Armour
 b - a +0 robe (worn)
Scrolls
 e - a scroll of random uselessness {unknown}
 g - a scroll of teleportation {unknown}
 h - a scroll of noise {unknown}
 i - a scroll of identify {unknown}
Comestibles
 d - 3 rations


   Skills:
 + Level 4.0 Short Blades
 - Level 2.1 Dodging
 - Level 3.2 Stealth
 - Level 1.5 Spellcasting
 - Level 2.4 Hexes


You had 2 spell levels left.
You knew the following spells:

 Your Spells              Type           Power        Failure   Level  Hunger
a - Corona                Hex            #......      10%         1    ##.....
b - Ensorcelled Hibernat  Hex/Ice        #.....       22%         2    ###....

Your spell library contained the following spells:

 Spells                   Type           Power        Failure   Level  Hunger
 Confuse                  Hex            #.......     28%         3    ####...
 Tukima's Dance           Hex            #.......     28%         3    ####...
 Dazzling Spray           Conj/Hex       #.....       41%         3    ####...


Dungeon Overview and Level Annotations

Branches:
Dungeon (3/15)

Altars:


Innate Abilities, Weirdness & Mutations

You are small and have problems with some larger weapons.
You are somewhat resistant to further mutation.


Message History

You hit the adder but do no damage.
The adder is almost dead.
The adder bites you but does no damage.
You hit the adder.
You kill the adder!
Your Short Blades skill increases to level 4!
You feel sick.
You hit the orc.
The orc is heavily wounded.
The orc hits you.
* * * LOW HITPOINT WARNING * * *
You closely miss the orc.
The orc is heavily wounded.
An orc comes into view. It is wielding a +0 dagger.
The orc misses you.
You closely miss the orc.
The orc is heavily wounded.
* * * LOW HITPOINT WARNING * * *
You feel sick.
Are you sure you want to abandon this character and quit the game? (Confirm

#.#......#'#######
#......#.#.#
##########.#.#.#
........<..#.#†# #
#########..#.#.#######....
#..#.#.#.........g ####
#..#...#.#####....
#..........###...o.# g
#..........#....@#.#
#..........#.###.#.#
#.....#+#..#. #.#.#
#...(.#.#..# #.#o#
o.......# #...o...S.o.o
##....# #####$#......
......# ..#...... #.....#
### ..... #.....# ...#+


You could see 2 orcs.

Vanquished Creatures
  An adder (D:3)
  2 oozes (D:2)
  An orc (D:3)
  5 goblins
  A hobgoblin (D:1)
  A jackal (D:2)
  A quokka (D:2)
  A bat (D:3)
  A frilled lizard (D:2)
  3 kobolds
  3 rats
20 creatures vanquished.

Notes
Turn   | Place    | Note
-------+----------+-------------------------------------------
     0 | D:1      | Lavandula the Halfling Enchanter began the quest for the
                  | Orb.
     0 | D:1      | Reached XP level 1. HP: 11/11 MP: 3/3
    93 | D:1      | Reached skill level 2 in Short Blades
   127 | D:1      | Reached XP level 2. HP: 17/17 MP: 4/4
   340 | D:2      | Reached skill level 3 in Short Blades
   442 | D:2      | Reached XP level 3. HP: 15/21 MP: 3/5
   446 | D:2      | Learned a level 2 spell: Ensorcelled Hibernation
   793 | D:3      | Reached skill level 4 in Short Blades
   797 | D:3      | Quit the game

Vault maps used:
D:1:      moated_graveyard_arrival
D:2:      first_ration
D:3:      lightli_sewer_entry_pipes, nrook_loot_triangle

Skill      XL: |  1  2  3 |
---------------+----------+-----
Short Blades   | 2 3 4 |  4.0
Dodging        | |  2.1
Stealth        | |  3.2
Spellcasting   | |  1.5
Hexes          | |  2.4

Action                   || total
-------------------------++-------
Melee: Dagger            ||    82
 Cast: Corona            ||    14
       Ensorcelled Hiber ||     7
  Use: Potion            ||     2
 Stab: Sleeping          ||     4
Armor: Robe              ||    14
Dodge: Dodged            ||    91

Table legend:
 A = Non-vault XP
 B = Vault XP
 C = Vault XP percentage of total XP
 D = Non-vault monster count
 E = Vault monster count
 F = Vault count percentage of total count
                 A         B        C        D         E       F
            +---------+---------+-------+---------+---------+-------
      Total |      55 |       0 |   0.0 |      20 |       0 |   0.0
            +---------+---------+-------+---------+---------+-------
        D:1 |      12 |       0 |   0.0 |       8 |       0 |   0.0
        D:2 |      22 |       0 |   0.0 |       7 |       0 |   0.0
        D:3 |      21 |       0 |   0.0 |       5 |       0 |   0.0
            +---------+---------+-------+---------+---------+-------
